 Dungeon Crawl Stone Soup version 0.30-a0-867-g305f33218d (webtiles) character file.

Game seed: 17158993546778474050

207 oldriver the Trooper (level 5, -7/34 HPs)
             Began as a Gargoyle Fighter on Mar 10, 2023.
             Mangled by an ice beast (12 damage)
             ... on level 4 of the Dungeon.
             The game lasted 00:02:46 (2153 turns).

oldriver the Trooper (Gargoyle Fighter)             Turns: 2153, Time: 00:02:48

Health: -7/34      AC: 10    Str: 21    XL:     5   Next: 85%
Magic:  5/5        EV: 14    Int:  9    God:
Gold:   145        SH:  4    Dex:  9    Spells: 4/4 levels left

rFire   . . .      SeeInvis .    a - +0 war axe
rCold   . . .      Faith    .    c - +0 buckler
rNeg    + . .      Spirit   .    b - +0 scale mail
rPois   ∞          Reflect  .    (no helmet)
rElec   +          Rampage  .    (no cloak)
rCorr   .                        (no gloves)
Will    .....                    (no boots) Stlth
                                 (no amulet)
HPRegen 0.25/turn                n - +5 ring of evasion
MPRegen 0.09/turn                (no ring)

@: about to teleport
A: sickness immunity, AC +4, negative energy resistance 1, electricity
resistance, torment resistance 1, petrification resistance
a: no special abilities


You were on level 4 of the Dungeon.
You visited 1 branch of the dungeon, and saw 4 of its levels.

You collected 145 gold pieces.

Inventory:

Hand Weapons
 a - a +0 war axe (weapon)
Missiles
 f - 6 poisoned darts (quivered)
Armour
 b - a +0 scale mail (worn)
 c - a +0 buckler (worn)
 k - a +1 ring mail of poison resistance
Jewellery
 n - a +5 ring of evasion (left hand)
Scrolls
 j - 4 scrolls of immolation {unknown}
 l - 2 scrolls of identify
 m - a scroll of magic mapping {unknown}
 q - a scroll of fog {unknown}
 s - a scroll of fear {unknown}
Potions
 d - a potion of might
 e - a potion of magic
 g - a potion of berserk rage {unknown}
 h - a potion of haste
 i - 2 potions of curing {unknown}
 o - a potion of mutation {unknown}
 p - a potion of brilliance {unknown}


   Skills:
 + Level 4.7 Fighting
 * Level 4.5 Axes
 - Level 3.2 Armour
 - Level 3.2 Shields


You had 4 spell levels left.
You didn't know any spells.
Your spell library contained the following spells:

 Spells                   Type           Power      Damage    Failure   Level
 Freeze                   Ice            0%         1d3       82%         1
 Lesser Beckoning         Tloc           0%         N/A       91%         2
 Frozen Ramparts          Ice            0%         1d1       99%         3
 Gell's Gravitas          Tloc           0%         N/A       99%         3
 Hailstorm                Conj/Ice       0%         3d3       99%         3
 Teleport Other           Tloc           0%         N/A       99%         3
 Dispel Undead            Necr           0%         3d6       100%        4
 Death Channel            Necr           0%         N/A       100%        6
 Cigotuvi's Dreadful Rot  Necr/Pois/Air  Unusable   N/A       N/A         2

Dungeon Overview and Level Annotations

Branches:
Dungeon (4/15)
 Temple: D:4-7

Altars:
Nemelex Xobeh
Wu Jian
Xom
Zin

Shops:
D:3 =

Annotations:
D:4 Grinder


Innate Abilities, Weirdness & Mutations

You are immune to sickness and miasma.
Your stone body is resilient. (AC +4)
You are immune to poison.
You resist negative energy. (rN+)
You are resistant to electric shocks. (rElec)
You are resistant to unholy torment.
You are immune to petrification.


Message History

The ice beast is heavily wounded.
The ice beast hits you but does no damage.
The ice beast misses you.
You hit the ice beast.
The ice beast is severely wounded.
You barely miss the ogre.
Grinder blinks! x2
The ogre hits you but does no damage. The ice beast closely misses you.
You hit the ice beast.
The ice beast is severely wounded.
You hit the ogre.
The ice beast hits you but does no damage.
The ogre hits you with a +0 giant club!!
Ouch! That really hurt!
You are too injured to fight recklessly!
You are too injured to fight recklessly!
You are too injured to fight recklessly!
You are too injured to fight recklessly!
You are too injured to fight recklessly!
You are too injured to fight recklessly!
You are too injured to fight recklessly!
You are too injured to fight recklessly!
You are too injured to fight recklessly!
You are too injured to fight recklessly!
You are too injured to fight recklessly!
Unknown command.
You aren't carrying any items that you can evoke.
As you read the scroll labelled LUMEYT OSAEXU, it crumbles to dust.
It is a scroll of identify.
r - a scroll of teleportation You block the ice beast's attack.
As you read the scroll of teleportation, it crumbles to dust.
You feel strangely unstable.
The ice beast hits you but does no damage.
The ogre hits you with a +0 giant club!
* * * LOW HITPOINT WARNING * * *
It was a potion of magic.
Magic courses through your body. The ice beast hits you.
* * * LOW HITPOINT WARNING * * *
The ice beast freezes you!
You die...

#. .># #..#.#..... ....
#.##.#.#### #####
#.##.#.# # #.##.#.####
######### ##.##.#.##..
........#####<.##.#....#
..............###....###
...................###
......O@#########..#
.....5Y.# #..####
#.......# ##†)...##
......... ##.......#
......... #.........
.........# #.....^...
.........# #.........
......?..# #.........
#.........


You could see Grinder (fast), an ice beast and an ogre.

Vanquished Creatures
  A howler monkey (D:4)
  2 orc wizards
  2 adders (D:3)
  A shadow imp (D:4)
  A worm (D:3)
  3 dart slugs
  12 orcs
  6 bats
  7 endoplasms
  3 giant cockroaches
  9 goblins
  A hobgoblin (D:2)
  3 jackals (D:1)
  4 quokkas
  5 ball pythons
  3 frilled lizards
  5 kobolds
  5 rats
73 creatures vanquished.

Notes
Turn   | Place    | Note
-------+----------+-------------------------------------------
     0 | D:1      | oldriver the Gargoyle Fighter began the quest for the Orb.
     0 | D:1      | Reached XP level 1. HP: 14/14 MP: 1/1
    13 | D:1      | Reached XP level 2. HP: 18/19 MP: 2/2
   203 | D:1      | Reached XP level 3. HP: 24/24 MP: 3/3
  1029 | D:2      | Reached XP level 4. HP: 18/29 MP: 4/4
  1109 | D:3      | Found Aminouss's Jewellery Shop.
  1122 | D:3      | Reached XP level 5. HP: 34/34 MP: 5/5
  1550 | D:3      | Found a sparkling altar of Nemelex Xobeh.
  1550 | D:3      | Found an ornate altar of the Wu Jian Council.
  1550 | D:3      | Found a glowing silver altar of Zin.
  1828 | D:3      | Found a shimmering altar of Xom.
  2144 | D:4      | Noticed an ice beast
  2145 | D:4      | Noticed an ogre
  2146 | D:4      | Noticed Grinder
  2153 | D:4      | Mangled by an ice beast

Illustrated notes

Levels and vault maps discovered:
D:1:      enne_arrival_octagon_isle, layout_rooms
D:2:      layout_basic
D:3:      layout_loops_ring, lemuel_coloured_pillars_altar,
          gammafunk_temple_overflow_claw, serial_shops, shop
D:4:      layout_rooms, mainiacjoe_overflow_surrounded_room, uniq_grinder

Skill      XL: |  1  2  3  4  5 |
---------------+----------------+-----
Axes           | 2 3 4 |  4.5
Fighting       | 4 |  4.7
Armour         | |  3.2
Shields        | |  3.2

Action                     |  1- 3 |  4- 6 || total
---------------------------+-------+-------++-------
  Melee: War axe           |   113 |    70 ||   183
    Use: Scroll            |       |     2 ||     2
         Potion            |       |     1 ||     1
 Armour: Scale mail        |    68 |    29 ||    97
  Dodge: Dodged            |    65 |    36 ||   101
  Block: Buckler           |    19 |    11 ||    30

Table legend: (Time is in decaauts)
 A = Elapsed time spent in this place.
 B = Non-inter-level travel time spent in this place.
 C = Inter-level travel time spent in this place.
 D = Time resting spent in this place.
 E = Time spent auto-exploring this place.
 F = Levels seen in this place.
 G = Mean time per level.
                   A        B        C        D        E       F      G
               +--------+--------+--------+--------+--------+-----+--------+
         Total |   2221 |   2108 |    113 |      0 |   1627 |   4 |  555.2 |
       Dungeon |   2221 |   2108 |    113 |      0 |   1627 |   4 |  555.2 |
               +--------+--------+--------+--------+--------+-----+--------+

Top non-repeatable levels by time:
     D:3: 878 daAuts
     D:2: 654 daAuts
     D:1: 454 daAuts
     D:4: 234 daAuts
